 Dungeon Crawl Stone Soup version 0.27.1 (webtiles) character file.

Game seed: 9805667502337833366

32 Descartes the Sneak (level 3, 0/17 HPs)
             Began as a Felid Delver on Sept 3, 2021.
             Slain by a frilled lizard (2 damage)
             ... on level 3 of the Dungeon.
             The game lasted 00:01:28 (161 turns).

Descartes the Sneak (Felid Delver)                   Turns: 161, Time: 00:01:29

Health: 0/17       AC:  1    Str:  9    XL:     3   Next: 8%
Magic:  4/4        EV: 18    Int: 11    God:
Gold:   5          SH:  0    Dex: 17    Spells: 2/2 levels left
                                        Lives:  0   Deaths: 0

rFire    . . .     SeeInvis +     - Unarmed
rCold    . . .     Faith    .   (shield unavailable)
rNeg     . . .     Spirit   .   (armour unavailable)
rPois    .         Reflect  .   (helmet unavailable)
rElec    .         Harm     .   (cloak unavailable)
rCorr    .         Rampage  .   (gloves unavailable)
Will     .....                  (boots unavailable)
Stlth    ++++......             (no amulet)
HPRegen  0.05/turn              (no ring)
MPRegen  0.09/turn              (no ring)

@: quick
A: very small, claws 1, fangs 3, see invisible, speed 1, shaggy fur 1, stealthy
paws, no weapons or thrown items, no armour, multi-lived
a: no special abilities


You were on level 3 of the Dungeon.
You visited 1 branch of the dungeon, and saw 3 of its levels.

You collected 5 gold pieces.

Inventory:

Missiles
 g - 26 stones
Jewellery
 b - a ring of protection from cold
Wands
 e - a wand of digging (3)
Scrolls
 a - a scroll of fog
 c - a scroll of fear
Potions
 d - a potion of haste
 f - a potion of ambrosia {unknown}
 h - a potion of invisibility {unknown}


   Skills:
 - Level 3.0 Fighting
 + Level 3.3 Dodging
 * Level 7.3 Stealth
 + Level 2.4 Unarmed Combat


You had 2 spell levels left.
You didn't know any spells.
Your spell library was empty.

Dungeon Overview and Level Annotations

Branches:
Dungeon (5/15)
 Temple: D:4-7

Altars:

Annotations:
D:5 Eustachio


Innate Abilities, Weirdness & Mutations

You have sharp claws.
You have razor-sharp teeth.
You have supernaturally acute eyesight. (SInv)
You cover ground quickly. (Speed+)
You are covered in fur. (AC +1)
Your paws help you pounce on unaware monsters.
You are incapable of wielding weapons or throwing items.
You cannot wear armour.
You gain extra lives every three experience levels.


Message History

You see here a ball python corpse.
As you read the scroll of magic mapping, it crumbles to dust.
You feel aware of your surroundings.
You sensed 1 shop/portal.
Things that are here:
a +0 dagger; a +0 robe; the human corpse of Jessica A bat comes into view.
The bat hits you but does no damage.
You barely miss the bat. The bat hits you but does no damage.
The bat barely misses you. The bat completely misses you.
You closely miss the bat. The bat hits you.
* * * LOW HITPOINT WARNING * * *
The bat barely misses you. The bat closely misses you.
You closely miss the bat. The bat closely misses you.
You scratch the bat.
The bat is moderately wounded.
The bat closely misses you.
A bat is nearby!
A bat is nearby!
The bat barely misses you.
You scratch the bat.
You kill the bat!
A bat comes into view.
The bat moves out of view.
A ball python comes into view.
Found a fuming yellow potion.
A frilled lizard comes into view.
A giant cockroach comes into view.
Found a scratched agate ring.
Found an escape hatch in the floor.
Found a stone staircase leading up.
The bat barely misses you. The bat closely misses you.
The frilled lizard bites you.
* * * LOW HITPOINT WARNING * * *
You see here a ring of protection from cold.
b - a ring of protection from cold You hear the slow rusting of a very distant drain.
The bat closely misses you. The frilled lizard closely misses you.
The bat misses you. The bat hits you but does no damage.
The frilled lizard bites you.
You die...

,,,,,,,,,,,,,,* #.# #.#
,*********,,..########.# ###
,,,,,,,,,,,*,..........#
,,,,,,,,,,,,,,..#####..#
,*********,*,*#.## #..# ******
*,*,*#..# #..# ,,,,,* *,*,**#B##
#..# ,***,* #.#.###..###..#
,,,*,* #......@b..#..#*********
,*,*,****###.####l>.#..#,,,,,,,,,
,,,*,,,,,,,,<..........#,*******,
,*,*********#..###..#.....#*****,
,,,,,*,,,,,...,.....#.......,,**,
,***,*,,,,,......S!.#..#.....,**,
,*,,,******#*#####..#..#.....,**,
,*,*,,,,,,,,,,,,,...#..#.....,**,
,*,,,***********##..#...,.###***,


You could see a giant cockroach (asleep), a bat and a frilled lizard.

Vanquished Creatures
  Jessica (D:3)
  2 orcs (D:4)
  A ball python (D:3)
  A bat (D:3)
5 creatures vanquished.

Notes
Turn   | Place    | Note
-------+----------+-------------------------------------------
     0 | D:5      | Descartes the Felid Delver began the quest for the Orb.
     0 | D:5      | Reached XP level 1. HP: 10/10 MP: 2/2
    23 | D:5      | Noticed Eustachio
    75 | D:5      | Noticed an orc wizard
    85 | D:4      | Noticed an orc wizard
    93 | D:4      | Noticed a jelly
   100 | D:3      | Noticed Jessica
   105 | D:3      | Killed Jessica
   106 | D:3      | Reached skill level 7 in Stealth
   106 | D:3      | Reached XP level 2. HP: 2/14 MP: 3/3
   106 | D:3      | Reached XP level 3. HP: 2/17 MP: 4/4
   161 | D:3      | Slain by a frilled lizard

Illustrated notes

Levels and vault maps discovered:
D:3:      layout_basic, cheibrodos_sewer_entry_bend, uniq_jessica, uniq_terence,
          uniq_ijyb
D:4:      wad_pebble_path, layout_basic, uniq_edmund
D:5:      layout_cave_pods, uniq_eustachio, uniq_grinder

Skill      XL: |  1 |
---------------+----+-----
Dodging        | 3 |  3.3
Stealth        | 7 |  7.3
Fighting       | |  3.0
Unarmed Combat | |  2.4

Action                   || total
-------------------------++-------
Melee: Unarmed           ||    13
       Bite              ||     1
  Use: Scroll            ||     1
 Stab: Sleeping          ||     3
Armor: Skin              ||     3
Dodge: Dodged            ||    26
